Map: Oxide LE

Players

Vanroyan

  • Race: Zerg Zerg
  • League: Platinum
  • Spawn Location: 7:00

VOD

Have the link to the VOD?

Description

Time

  • Played on: Jan. 22, 2021, 7:27 p.m.
  • Length: 3:32
Show
View Real Time Build Order
Export as new Build Order

Vanroyan Zerg 

Build Orders:  

Get SALT Encoding   

  12  0:00  Drone  
  13  0:18  Overlord  
  13  0:23  Drone  
  14  0:43  Drone x2  
  16  1:09  Hatchery  
  15  1:15  Drone  
  16  1:20  Drone  
  16  1:29  Extractor  
  17  1:44  Spawning Pool  
  15  1:51  Drone  
  16  2:03  Drone  
  17  2:18  Drone  
  18  2:33  Drone  
  19  2:50  Zergling x4  
  25  3:05  Zergling x2  
  25  3:06  Zergling x2  
Tags
 
League
Platinum
Matchup
Co-op
Add a new tag
Caveats
  • Supply blocks, unpowered buildings, or Contaminate may cause inaccurate times.
  • Supply counts are checked every 10 seconds.